 Dungeon Crawl Stone Soup version 0.18.1-48-g4cf74bf (webtiles) character file.

770 Peloso the Covered (level 7, 0/61 HPs)
             Began as a Minotaur Fighter on July 3, 2016.
             Was a Follower of Okawaru.
             Slain by cutebanana's ghost (12 damage)
             ... on level 6 of the Dungeon.
             The game lasted 00:11:46 (4248 turns).

Peloso the Covered (Minotaur Fighter)               Turns: 4248, Time: 00:11:47

Health: 0/61       AC: 17    Str: 25    XL:     7   Next: 53%
Magic:  6/6        EV:  6    Int:  5    God:    Okawaru [*.....]
Gold:   273        SH: 11    Dex: 12    Spells: 0 memorised, 6 levels left

rFire  . . .     SeeInvis .     a - +1 long sword
rCold  . . .     Gourm    .     k - +3 plate armour
rNeg   + . .     Faith    .     c - +0 shield
rPois  .         Spirit   .     (helmet restricted)
rElec  .         Dismiss  .     l - +0 cloak
rCorr  .         Reflect  .     (no gloves)
SustAt .         Harm     .     (no boots)
MR     .....                    (no amulet)
Stlth  ..........               B - ring of flight
                                u - ring of positive energy

@: mighty, lethally poisoned (0 -> -1), not resistant to hostile enchantments,
extremely unstealthy
A: retaliatory headbutt, horns 2
a: Heroism, Renounce Religion, Evoke Flight


You were on level 6 of the Dungeon.
You worshipped Okawaru.
Okawaru was aware of your devotion.
You were not hungry.

You visited 1 branch of the dungeon, and saw 6 of its levels.

You collected 273 gold pieces.

Inventory:

Hand Weapons
 a - a +1 long sword (weapon)
Armour
 b - a +0 scale mail
 c - a +0 shield (worn)
 k - a +3 plate armour (worn)
 l - a +0 cloak (worn)
Jewellery
 u - a ring of positive energy (left hand)
 z - an uncursed amulet of dismissal
 B - a ring of flight (right hand)
Wands
 s - a wand of lightning (10/15)
 C - a wand of flame (22/48)
Scrolls
 e - a scroll of fear
 i - 4 scrolls of identify
 n - 6 scrolls of teleportation {unknown}
 p - a scroll of fog {unknown}
 q - 2 scrolls of random uselessness {unknown}
 t - a scroll of blinking {unknown}
 v - a scroll of recharging {unknown}
 x - a scroll of amnesia
Potions
 d - a potion of might
 o - 2 potions of brilliance
 r - a potion of resistance
 w - 2 potions of heal wounds
Comestibles
 f - 4 bread rations
 g - a fruit
 h - a meat ration
 j - 4 beef jerkies
 m - a chunk of flesh


   Skills:
 + Level 5.1 Fighting
 + Level 5.1 Long Blades
 + Level 6.3 Armour
 + Level 3.2 Dodging
 + Level 1.0 Stealth
 + Level 5.9 Shields
 + Level 0.2 Invocations


You had 6 spell levels left.
You didn't know any spells.

Dungeon Overview and Level Annotations

Branches:
Dungeon (6/15)             Temple (0/1) D:5

Altars:
Kikubaaqudgha
Okawaru
Vehumet
Zin

Shops:
D:4 *

Annotations:
D:6 cutebanana's ghost, novice HOFi


Innate Abilities, Weirdness & Mutations

You reflexively headbutt those who attack you in melee.
You have a pair of horns on your head.


Message History

* * * LOW HITPOINT WARNING * * *
Unknown command.
Your plate armour prevents you from hitting cutebanana's ghost.
Cutebanana's ghost is severely damaged.
Cutebanana's ghost barely misses you.
Unknown command.
You slash cutebanana's ghost!
Your headbutt misses cutebanana's ghost.
Cutebanana's ghost is severely damaged.
You feel sick. You block cutebanana's ghost's attack.
You hit cutebanana's ghost but do no damage.
Your headbutt misses cutebanana's ghost.
Cutebanana's ghost is severely damaged.
Cutebanana's ghost hits you but does no damage.
Unknown command.
You hit cutebanana's ghost but do no damage.
Your headbutt misses cutebanana's ghost.
Cutebanana's ghost is severely damaged.
Cutebanana's ghost hits you!
You die...

...#######...#####.#...
#..##.#...............#...
......o..h..h.........####
#.o.W...........####
#######...########.. #W..#
#.# #...# #.# ########...#
####.# #...@W{h<..# #.....
#.#####o...# #.##.#
#.#####....# #.##.#
#.##.......# ###.##..
#..........# #.....##
#.##.#.....###.#.....
#.......##.......#.##
#.##......####.#.#.##
#.#######.# #.....##


You could see a black bear, cutebanana's ghost and an orc.

Vanquished Creatures
  A black bear (D:6)
  An ogre (D:4)
  A giant frog (D:6)
  3 crimson imps
  An orc wizard (D:4)
  An orc priest (D:4)
  2 hounds
  A centaur skeleton (D:4)
  5 worker ants
  Terence (D:2)
  A howler monkey skeleton (D:4)
  4 adders
  An ooze (D:3)
  3 worms
  2 giant geckos
  6 orcs
  9 bats
  5 giant cockroaches
  11 goblins
  8 hobgoblins
  7 jackals
  4 kobolds
  A quokka (D:3)
  4 giant newts
  8 rats
91 creatures vanquished.

Notes
Turn   | Place    | Note
--------------------------------------------------------------
     0 | D:1      | Peloso the Minotaur Fighter began the quest for the Orb.
     0 | D:1      | Reached XP level 1. HP: 19/19 MP: 0/0
   172 | D:1      | Reached XP level 2. HP: 25/27 MP: 1/1
   304 | D:1      | Reached skill level 4 in Armour
   661 | D:2      | Found a radiant altar of Vehumet.
   671 | D:2      | Reached XP level 3. HP: 31/33 MP: 2/2
  1065 | D:2      | Noticed Terence
  1074 | D:2      | Killed Terence
  1074 | D:2      | Reached skill level 1 in Dodging
  1074 | D:2      | Reached XP level 4. HP: 31/40 MP: 3/3
  1736 | D:3      | Found a faded altar to an unknown god.
  1936 | D:3      | Found a glowing silver altar of Zin.
  2119 | D:4      | Reached XP level 5. HP: 41/46 MP: 4/4
  2169 | D:4      | Reached skill level 5 in Armour
  2226 | D:4      | Reached skill level 5 in Shields
  2275 | D:4      | Found an ancient bone altar of Kikubaaqudgha.
  2275 | D:4      | Found an iron altar of Okawaru.
  2279 | D:4      | Became a worshipper of Warmaster Okawaru
  2307 | D:4      | Reached XP level 6. HP: 36/53 MP: 5/5
  2778 | D:4      | Found Xotzyis's Assorted Antiques.
  2980 | D:5      | Entered Level 5 of the Dungeon
  3043 | D:5      | Found a staircase to the Ecumenical Temple.
  3893 | D:6      | Reached XP level 7. HP: 60/60 MP: 6/6
  3911 | D:6      | Reached skill level 6 in Armour
  3985 | D:6      | Noticed cutebanana's ghost (novice HOFi)
  4046 | D:5      | Reached * piety under Okawaru
  4046 | D:5      | Reached skill level 5 in Fighting
  4050 | D:5      | Reached skill level 5 in Long Blades
  4233 | D:6      | Reached skill level 1 in Stealth
  4248 | D:6      | Slain by cutebanana's ghost

Skill      XL: |  1  2  3  4  5  6  7 |
---------------+----------------------+-----
Armour         | 4 5 6 |  6.3
Shields        | 4 5 |  5.9
Fighting       | 4 5 |  5.1
Dodging        | 1 2 3 |  3.2
Long Blades    | 3 4 5 |  5.1
Stealth        | 1 |  1.0
Invocations    | |  0.2

Action                   |  1- 3 |  4- 6 |  7- 9 || total
-------------------------+-------+-------+-------++-------
Melee: Long sword        |    86 |   126 |    65 ||   277
       Headbutt          |    12 |    18 |    10 ||    40
Invok: Heroism           |       |       |     1 ||     1
  Use: Scroll            |       |     6 |     2 ||     8
       Potion            |       |       |     1 ||     1
  Eat: Chunk             |     1 |     7 |     2 ||    10
       Fruit             |       |     1 |       ||     1
Armor: Scale mail        |    48 |    41 |       ||    89
       Plate armour      |       |    12 |    35 ||    47
       Chain mail        |       |     6 |       ||     6
Dodge: Dodged            |    26 |    41 |    14 ||    81
Block: Shield            |    44 |    57 |    32 ||   133
